Map: Apothéose EC

Players

Worming - Winner!

  • Race: Zerg Zerg
  • League: Diamond

herc

  • Race: Terran Terran
  • League: Diamond

VOD

Have the link to the VOD?

Description

Time

  • Played on: July 17, 2016, 4:34 p.m.
  • Length: 12:29
Show
View Real Time Build Order
Export as new Build Order

Worming Zerg - Winner!

Build Orders: Hatch First, Muta Ling Bane 

Get SALT Encoding   

  12  0:01  Drone  
  13  0:13  Overlord  
  13  0:19  Drone  
  14  0:31  Drone x2  
  17  0:35  Drone  
  17  0:53  Hatchery  
  17  0:55  Drone  
  17  1:01  Drone  
  18  1:15  Spawning Pool  
  18  1:18  Drone, Extractor  
  18  1:22  Drone  
  18  1:33  Drone  
  19  1:56  Drone  
  19  1:57  Overlord  
  20  2:05  Queen  
  20  2:06  Queen  
  20  2:07  Zergling x4  
  26  2:18  Metabolic Boost  
  26  2:20  Drone x2  
  28  2:25  Drone  
  29  2:34  Drone x2  
  31  2:40  Overlord  
  31  2:49  Drone x2  
  33  3:00  Drone x2  
  35  3:08  Queen x2  
  35  3:10  Spine Crawler  
  38  3:25  Drone  
  38  3:26  Drone x5  
  43  3:27  Overlord x2  
  42  3:39  Overlord  
  42  3:42  Extractor  
  41  3:55  Zergling x2  
  41  3:56  Zergling x12  
  48  4:13  Hatchery, Drone x3, Evolution Chamber  
  48  4:14  Evolution Chamber  
  48  4:19  Lair  
  48  4:23  Baneling Nest, Drone  
  45  5:00  Drone x13  
  45  5:03  Zerg Ground Armor Level 1, Zerg Melee Weapons Level 1, Extractor  
  57  5:14  Extractor  
  56  5:21  Centrifical Hooks  
  56  5:23  Overlord x2  
  56  5:24  Zergling x4  
  58  5:33  Drone  
  59  5:37  Zergling x2  
  59  5:38  Zergling x16  
  68  5:50  Spire  
  68  5:54  Baneling x4  
  67  6:07  Zergling x4  
  67  6:08  Zergling x2  
  67  6:09  Drone x7  
  77  6:13  Baneling x6  
  77  6:20  Drone x2  
  77  6:22  Zergling x6  
  82  6:36  Overlord x2  
  82  6:37  Zergling x12  
  82  6:38  Zergling x2  
  80  7:01  Mutalisk  
  80  7:02  Zerg Flyer Weapons Level 1, Mutalisk x5  
  90  7:19  Baneling x2  
  90  7:20  Baneling x6  
  90  7:26  Extractor  
  90  7:27  Drone x3  
  90  7:28  Drone x3, Overlord x2, Extractor  
  90  7:29  Zergling x14  
  84  7:52  Zerg Melee Weapons Level 2  
  84  7:56  Zergling x18  
  84  7:57  Zergling x12  
  99  8:22  Zergling x6  
  99  8:23  Zergling x12  
  108  8:27  Hatchery  
  108  8:28  Infestation Pit, Pneumatized Carapace  
  108  8:29  Overseer  
  108  8:30  Overseer  
  106  8:35  Baneling x10  
  106  8:36  Baneling x3  
  106  8:37  Zergling x2  
  106  8:38  Zergling x12  
  113  9:10  Baneling  
  113  9:11  Baneling x7  
  113  9:16  Hive  
  113  9:17  Zerg Ground Armor Level 2  
  113  9:20  Queen x2  
  113  9:24  Overlord  
  117  9:27  Mutalisk  
  117  9:28  Mutalisk  
  117  9:30  Hatchery  
  98  9:58  Overseer  
  98  10:02  Pathogen Glands  
  98  10:03  Overlord x2  
  98  10:04  Zergling x2, Overlord  
  98  10:05  Zergling x22  
  110  10:08  Baneling x9  
  110  10:24  Extractor  
  109  10:29  Infestor x5  
  119  10:35  Ultralisk Cavern  
  119  10:36  Zergling x14  
  125  10:51  Zergling x12  
  125  10:56  Baneling x6  
  131  11:19  Drone x3  
  131  11:20  Drone  
  131  11:21  Drone x2  
  131  11:22  Extractor  
  115  11:37  Ultralisk x2  
  121  11:45  Zergling x4, Ultralisk  
  121  11:46  Zergling x2  
Show
View Real Time Build Order
Export as new Build Order

herc Terran 

Build Orders: MMM Bio 

Get SALT Encoding   

  12  0:01  SCV  
  13  0:14  SCV  
  14  0:17  Supply Depot  
  14  0:26  SCV  
  15  0:39  SCV  
  16  0:42  Barracks  
  16  0:45  Refinery  
  16  0:52  SCV  
  17  1:04  Barracks  
  17  1:05  SCV  
  18  1:12  Refinery  
  18  1:17  SCV  
  19  1:30  SCV  
  20  1:41  Engineering Bay  
  20  1:49  Orbital Command  
  19  1:54  Reaper  
  19  1:59  Reaper  
  21  2:09  Supply Depot  
  21  2:15  SCV  
  22  2:21  Terran Infantry Weapons Level 1  
  22  2:28  Reaper  
  23  2:30  SCV  
  24  2:41  Barracks Tech Lab  
  24  2:42  SCV  
  25  2:55  Command Center  
  25  2:57  SCV  
  26  3:02  Stimpack  
  24  3:15  Reaper  
  24  3:23  Command Center  
  24  3:37  Marauder  
  24  3:40  SCV  
  27  3:48  Barracks  
  27  3:49  Barracks Reactor  
  27  3:50  Barracks  
  27  4:00  SCV  
  28  4:03  Bunker  
  28  4:06  Marauder  
  30  4:12  SCV  
  30  4:16  Factory  
  31  4:34  Marine x2  
  31  4:35  Orbital Command, Marauder, SCV  
  31  4:36  Supply Depot  
  36  4:41  Barracks Reactor  
  36  4:43  Barracks Reactor  
  36  4:47  SCV  
  37  5:02  Marauder  
  37  5:04  Orbital Command  
  37  5:06  Starport  
  39  5:09  Terran Infantry Armor Level 1, Marine x2  
  39  5:11  Factory Reactor  
  41  5:18  SCV  
  42  5:22  Marine x5  
  47  5:30  SCV, Marine x2  
  47  5:32  SCV  
  51  5:38  Bunker  
  51  5:39  Marine  
  52  5:45  Bunker  
  52  5:46  Marine x2  
  54  5:56  Supply Depot  
  54  6:17  Medivac x2, SCV, Marine x3  
  62  6:20  SCV, Supply Depot, Marine x4  
  67  6:35  Marine x3  
  67  6:36  Supply Depot  
  70  6:41  Marine x2  
  56  6:55  Marine x5  
  56  6:59  Marine x2  
  57  7:13  Marine  
  58  7:22  Widow Mine  
  58  7:23  Medivac x2, Marine x2  
  58  7:28  Armory  
  58  7:29  Engineering Bay, Marine  
  64  7:30  Marine x2  
  51  7:50  Widow Mine  
  51  7:51  Marine  
  51  7:52  Marine x5  
  54  8:09  Marine  
  53  8:16  Missile Turret, SCV x2  
  55  8:28  SCV  
  55  8:32  Terran Infantry Weapons Level 2  
  56  8:39  Marine x6  
  56  8:40  Engineering Bay  
  63  8:42  Marauder  
  64  8:56  Marine  
  64  8:57  Marine  
  66  9:10  Marine x3  
  66  9:11  Widow Mine, Marine x2  
  66  9:12  Terran Infantry Armor Level 2  
  66  9:14  Marine  
  66  9:16  SCV x2  
  76  9:23  Marine  
  77  9:26  Missile Turret  
  77  9:28  Refinery, Marine, SCV x2  
  77  9:30  Refinery  
  69  9:40  Widow Mine  
  52  9:53  Marine  
  52  9:54  Marine x6  
  59  10:01  Liberator  
  59  10:05  SCV x2  
  61  10:10  Widow Mine  
  61  10:11  Marine  
  61  10:12  Marine x4  
  68  10:17  SCV x2  
  73  10:24  Combat Shields  
  73  10:27  Marauder  
  75  10:29  SCV  
  75  10:31  Supply Depot  
  76  10:56  Marine x7  
  83  11:14  Marine x3  
  86  11:26  Marine  
  86  11:28  Marauder  
  86  12:01  Marine x2  
Tags
 
Add a new tag
Caveats
  • Supply blocks, unpowered buildings, or Contaminate may cause inaccurate times.
  • Supply counts are checked every 10 seconds.